 Dungeon Sprint DCSS version 0.30.0-2-g1aa4bd4387 (webtiles) character file.

Game seed: 1446633379478225696

28424 Groucho the Ninja (level 13, 72/72 HPs)
             Began as a Felid Berserker on May 7, 2023.
             Was a High Priest of Trog.
             Got out of the dungeon alive.
             The game lasted 00:14:44 (5544 turns).

Groucho the Ninja (Felid Berserker)                 Turns: 5544, Time: 00:14:45

Health: 72/72      AC:  3    Str: 13    XL:     13   Next: 9%
Magic:  14/14      EV: 36    Int:  8    God:    Trog [*****.]
Gold:   3306       SH:  4    Dex: 19    Spells: 12/12 levels left
                                        Lives:  2   Deaths: 0

rFire   . .          .
                       - Unarmed
rCold   + . .        (shield unavailable)
rNeg    . . .        (body armour unavailable)
rPois   .            (helmet unavailable)
rElec   .            (cloak unavailable)
rCorr   .            (gloves unavailable)
SInv    +            (boots unavailable)
Will    +....        (no amulet)
Stlth   ++++++++++   i - ring of flight
HPRegen 0.32/turn    (no ring)
MPRegen 0.14/turn

%: no teleportation
@: flying, quick
A: very small, claws 1, fangs 3, see invisible, speed 1, shaggy fur 3, stealthy
paws, no weapons or thrown items, no armour, multi-lived, large bone plates 1,
dopey 1, inability to read after injury 1
a: Renounce Religion, Berserk, Trog's Hand, Brothers in Arms


You escaped.
You worshipped Trog.
Trog was extremely pleased with you.
You visited 1 branch You collected 3793 gold pieces.
You spent 487 gold pieces at shops.

Inventory:

Jewellery
 i - a ring of flight (left paw)
Wands
 g - a wand of polymorph (10)
 j - a wand of quicksilver (2)
 m - a wand of flame (22)
Scrolls
 c - a scroll of amnesia {unknown}
 n - a scroll of enchant armour {unknown}
 o - 2 scrolls of identify
 p - a scroll of brand weapon {unknown}
 q - a scroll of fog {unknown}
Potions
 a - 5 potions of curing
 b - 3 potions of heal wounds
 d - 2 potions of magic
 e - a potion of berserk rage
 f - 2 potions of flight {unknown}
 h - a potion of ambrosia
 k - a potion of attraction {unknown}
 l - a potion of brilliance {unknown}


   Skills:
 + Level 17.1 Fighting
 + Level 21.6 Dodging
 O Level 27 Stealth
 + Level 17.1 Unarmed Combat


You had 12 spell levels left.
You didn't know any spells.
Your spell library was empty.

Dungeon Overview and Level Annotations

Branches:
Dungeon (1/1)

Altars:
Cheibriados
Dithmenos
Elyvilon
Fedhas
Gozag
Hepliaklqana
Kikubaaqudgha
Makhleb
Nemelex Xobeh
Okawaru
Qazlal
Ru
Sif Muna
Trog
Uskayaw
Vehumet
Wu Jian
Xom
Yredelemnul
Zin
The Shining One
Jiyva
Lugonu

Shops:
D ((*:[(:[![!:*:*([=?[?!


Innate Abilities, Weirdness & Mutations

You have sharp claws.
You have razor-sharp teeth.
You have supernaturally acute eyesight. (SInv)
You cover ground quickly. (Speed+)
Your thick and shaggy fur keeps you warm. (AC +3, rC+)
Your paws help you pounce on unaware monsters.
You are incapable of wielding weapons or throwing items.
You cannot wear armour.
You gain extra lives every three experience levels.
You are partially covered in large bone plates. (SH +4)
You are dopey. (Int -2)
You occasionally lose the ability to read scrolls when taking damage.


Message History

There is an open door here.
Things that are here:
a +0 longbow; a +0 leather armour Really fly into a travel-excluded area? [Y]es or [N]o only, please.
Really fly into a travel-excluded area?
There is an open door here.
There is an open door here.
There is an open door here.
You reach down and close the door.
You see here a +0 morningstar.
There is an open door here.
Really fly into a travel-excluded area? [Y]es or [N]o only, please.
Really fly into a travel-excluded area?
Uppercase [Y]es or [N]o only, please.
Really fly into a travel-excluded area?
Okay, then.
You see here a +0 trident.
There is an open door, spattered with blood here.
There is an open door here.
You see here a +0 trident.
You see here a +0 long sword.
There is an open door, spattered with blood here.
There is an open door here.
There is an open door, spattered with blood here.
There is an open door here.
There is an open door here.
There is an open door here.
There is an open door here.
There is an open door here.
There is an open door here.
Things that are here:
a +0 giant club; a +0 club; a +0 leather armour
There is an open door here.
There is a staircase leading out of the dungeon here.
Are you sure you want to leave the Dungeon?
This will make you lose the game!
Alright, then stay!
Are you sure you want to leave the Dungeon?
This will make you lose the game!
You have escaped!

##################
#@.#..'..#.)'..#__
#..').#..'..#..'..
#..#####+#####'#__
#..####..#...#.###
#..#__####..##.#~~
#..#_____##'#_.'§~
#⌠⌠#_.∩...'..._#~~
####_..__##_.#'##§
#_____###'#)#..


There were no monsters in sight!

Vanquished Creatures
  A deep elf master archer (D)
  A fire giant (D)
  A deep elf annihilator (D)
  A lorocyproca (D)
  A mummy priest (D)
  A hydra (D)
  2 centaur warriors (D)
  A deep troll (D)
  A lindwurm (D)
  2 oklob plants (D)
  2 merfolk sirens (D)
  2 gargoyles (D)
  7 unseen horrors (D)
  2 kobold demonologists (D)
  4 hornets (D)
  A slime creature (D)
  Sigmund (D)
  A yak (D)
  2 redbacks (D)
  13 hogs (D)
  3 floating eyes (D)
  An ogre (D)
  7 necrophages (D)
  8 jellies (D)
  Ijyb (D)
67 creatures vanquished.

Vanquished Creatures (collateral kills)
  the Lernaean hydra (D)
  A golden dragon (D)
  A shadow dragon (D)
  3 fire giants (D)
  Sonja (D)
  8 shining eyes (D)
  4 demonic crawlers (D)
  4 floating eyes (D)
  A ballistomycete spore (D)
24 creatures vanquished.

Vanquished Creatures (others)
  A hornet (D)
  A hellwing (D)
  A ballistomycete spore (D)
3 creatures vanquished.

Grand Total: 94 creatures vanquished

Notes
Turn   | Place    | Note
-------+----------+-------------------------------------------
     0 | D        | Groucho the Felid Berserker began the quest for the Orb.
     0 | D        | Reached XP level 1. HP: 10/10 MP: 2/2
     2 | D        | Noticed Ijyb
     7 | D        | Killed Ijyb
     8 | D        | Reached skill level 8 in Stealth
     8 | D        | Reached XP level 2. HP: 14/14 MP: 3/3
   257 | D        | Noticed an ogre
   264 | D        | Killed an ogre
   265 | D        | Reached skill level 12 in Stealth
   265 | D        | Reached XP level 3. HP: 17/17 MP: 4/4
   265 | D        | Reached XP level 4. HP: 21/21 MP: 5/5
   426 | D        | Noticed Sigmund
   428 | D        | Killed Sigmund
   428 | D        | Reached ** piety under Trog
   429 | D        | Reached skill level 17 in Stealth
   429 | D        | Reached XP level 5. HP: 24/24 MP: 6/6
   429 | D        | Gained mutation: You are covered in thick fur. (AC +2)
                  | [Felid growth]
   429 | D        | Reached XP level 6. HP: 28/28 MP: 7/7
   442 | D        | Found a shimmering blue altar of Sif Muna.
   443 | D        | Found an ornate altar of the Wu Jian Council.
   444 | D        | Found a radiant altar of Vehumet.
   482 | D        | Found Oruichid's Book Emporium.
   482 | D        | Found an ancient bone altar of Kikubaaqudgha.
   482 | D        | Found a hazy altar of Hepliaklqana.
   482 | D        | Found a stormy altar of Qazlal.
   482 | D        | Found a hide-covered altar of Uskayaw.
   482 | D        | Found a blossoming altar of Fedhas.
   482 | D        | Found a bloodstained altar of Trog.
   482 | D        | Found an iron altar of Okawaru.
   482 | D        | Found a basalt altar of Yredelemnul.
   482 | D        | Found a glowing golden altar of the Shining One.
   482 | D        | Found a snail-covered altar of Cheibriados.
   482 | D        | Found a sacrificial altar of Ru.
   482 | D        | Found a glowing silver altar of Zin.
   482 | D        | Found a shadowy altar of Dithmenos.
   482 | D        | Found a white marble altar of Elyvilon.
   482 | D        | Noticed a yak
   483 | D        | Found an opulent altar of Gozag.
   488 | D        | Killed a yak
   489 | D        | Reached skill level 19 in Stealth
   503 | D        | Found a sparkling altar of Nemelex Xobeh.
   529 | D        | Noticed a centaur warrior
   534 | D        | Noticed a centaur warrior
   535 | D        | Killed a centaur warrior
   536 | D        | Reached skill level 5 in Fighting
   536 | D        | Reached skill level 20 in Stealth
   536 | D        | Reached skill level 5 in Unarmed Combat
   536 | D        | Reached XP level 7. HP: 34/34 MP: 8/8
   536 | D        | Reached XP level 8. HP: 38/38 MP: 9/9
   536 | D        | Killed a centaur warrior
   536 | D        | Reached *** piety under Trog
   537 | D        | Reached skill level 21 in Stealth
   548 | D        | Noticed a hornet
   551 | D        | Killed a hornet
   564 | D        | Noticed an oklob plant
   566 | D        | Killed an oklob plant
   567 | D        | Reached skill level 10 in Dodging
   567 | D        | Reached XP level 9. HP: 44/44 MP: 10/10
   577 | D        | Reached **** piety under Trog
   578 | D        | Reached skill level 22 in Stealth
   605 | D        | Noticed an unseen horror
   605 | D        | Noticed an unseen horror
   651 | D        | Killed an unseen horror
   668 | D        | Killed an unseen horror
  1023 | D        | Reached ***** piety under Trog
  1260 | D        | Reached ****** piety under Trog
  1292 | D        | Found Verupnao's Antique Armour Shoppe.
  1292 | D        | Found Mintut's Book Shop.
  1292 | D        | Found Fatydes's Distillery.
  1294 | D        | Found Goenkuno's Armour Emporium.
  1294 | D        | Found Cuscheso's Distillery.
  1294 | D        | Found Irik's Book Shoppe.
  1294 | D        | Found Xofiugev's General Store.
  1294 | D        | Found Ykham's Book Emporium.
  1294 | D        | Found Yrphai Jypp's General Store.
  1294 | D        | Found Vuinius's Antique Weapon Shoppe.
  1298 | D        | Found Neaheupt's Antique Armour Boutique.
  1299 | D        | Found Cytro's Magic Scroll Emporium.
  1299 | D        | Found Mugestyv's Jewellery Boutique.
  1300 | D        | Found Dohuwess's Magic Scroll Emporium.
  1309 | D        | Bought a scroll of identify for 28 gold pieces
  1313 | D        | Bought a ring of flight for 245 gold pieces
  1366 | D        | Noticed a deep troll
  1368 | D        | Killed a deep troll
  1369 | D        | Reached skill level 10 in Fighting
  1369 | D        | Reached skill level 23 in Stealth
  1369 | D        | Reached skill level 10 in Unarmed Combat
  1369 | D        | Reached XP level 10. HP: 51/51 MP: 11/11
  1380 | D        | Found Giuduh's Armour Emporium.
  1392 | D        | Noticed Sonja
  1396 | D        | Killed Sonja
  1466 | D        | Found Loddae's Weapon Boutique.
  1493 | D        | Found a viscous altar of Jiyva.
  1493 | D        | Found a corrupted altar of Lugonu.
  1494 | D        | Found a burning altar of Makhleb.
  1494 | D        | Found a shimmering altar of Xom.
  1707 | D        | Noticed a demonic crawler
  1707 | D        | Noticed a demonic crawler
  1707 | D        | Noticed a demonic crawler
  1707 | D        | Noticed a demonic crawler
  1713 | D        | Killed a demonic crawler
  1715 | D        | Killed a demonic crawler
  1715 | D        | Killed a demonic crawler
  1717 | D        | Killed a demonic crawler
  1718 | D        | Reached skill level 24 in Stealth
  1806 | D        | Noticed a lindwurm
  1809 | D        | Killed a lindwurm
  1810 | D        | Reached skill level 15 in Dodging
  1832 | D        | Reached XP level 11. HP: 52/57 MP: 12/12
  2178 | D        | Noticed a 12-headed hydra
  2180 | D        | Killed a 12-headed hydra
  2255 | D        | Noticed a shining eye
  2255 | D        | Noticed a shining eye
  2255 | D        | Noticed a shining eye
  2255 | D        | Noticed a shining eye
  2255 | D        | Noticed a shining eye
  2255 | D        | Noticed a shining eye
  2257 | D        | Reached skill level 25 in Stealth
  2257 | D        | Gained mutation: You are partially covered in large bone
                  | plates. (SH +4) [a shining eye]
  2258 | D        | Killed a shining eye
  2258 | D        | Killed a shining eye
  2258 | D        | Killed a shining eye
  2258 | D        | Gained mutation: You occasionally lose the ability to read
                  | scrolls when taking damage. [a shining eye]
  2260 | D        | Noticed a shining eye
  2261 | D        | Killed a shining eye
  2261 | D        | Killed a shining eye
  2262 | D        | Noticed a shining eye
  2263 | D        | Killed a shining eye
  2264 | D        | Killed a shining eye
  2265 | D        | Gained mutation: You are dopey. (Int -2) [a shining eye]
  2268 | D        | Killed a shining eye
  2273 | D        | Found Ogomigh's Weapon Shoppe.
  2273 | D        | Found Ezupla's Armour Shop.
  2273 | D        | Found Liyt's Assorted Antiques.
  2273 | D        | Found Xetry's Weapon Boutique.
  2289 | D        | Bought a copper wand for 84 gold pieces
  2347 | D        | Bought a potion of resistance for 130 gold pieces
  2478 | D        | Noticed a shadow dragon
  2479 | D        | Noticed a golden dragon
  2482 | D        | Killed a golden dragon
  2483 | D        | Reached skill level 26 in Stealth
  2487 | D        | Killed a shadow dragon
  2488 | D        | Gained mutation: Your thick and shaggy fur keeps you warm.
                  | (AC +3, rC+) [Felid growth]
  2488 | D        | Reached XP level 12. HP: 64/64 MP: 13/13
  2552 | D        | Found Unugopn's Distillery.
  2638 | D        | Noticed a lorocyproca
  2643 | D        | Killed a lorocyproca
  2711 | D        | Noticed a daeva
  2736 | D        | Noticed a fire giant
  2746 | D        | Killed a fire giant
  2747 | D        | Reached skill level 15 in Fighting
  2747 | D        | Reached skill level 15 in Unarmed Combat
  2749 | D        | Noticed a fire giant
  2751 | D        | Noticed a fire giant
  2752 | D        | Noticed a fire giant
  2754 | D        | Killed a fire giant
  2755 | D        | Reached skill level 27 in Stealth
  2762 | D        | Killed a fire giant
  2766 | D        | Killed a fire giant
  3278 | D        | Noticed a deep elf annihilator
  3308 | D        | Killed a deep elf annihilator
  4207 | D        | Noticed a mummy priest
  4570 | D        | Killed a mummy priest
  4706 | D        | Noticed the 27-headed Lernaean hydra
  4714 | D        | Killed the 27-headed Lernaean hydra
  4971 | D        | Reached XP level 13. HP: 49/71 MP: 14/14
  5150 | D        | Noticed a deep elf master archer
  5157 | D        | HP: 5/106 [deep elf master archer/arrow (35)]
  5161 | D        | Killed a deep elf master archer
  5544 | D        | Got out of the dungeon alive.

Illustrated notes

Levels and vault maps discovered:
D:        dungeon_sprint_1 [red_sonja_temple_1, red_sonja_temple_small_1]

Skill      XL: |  1  2  3  4  5  6  7  8  9 10 11 12 13 |
---------------+----------------------------------------+-----
Stealth        | 8 12 17 20 21 23 24 26 27 | 27.0
Fighting       | 5 8 10 12 14 16 17 | 17.1
Dodging        | 7 10 13 15 18 21 | 21.6
Unarmed Combat | 5 8 10 12 14 16 17 | 17.1

Action                     |  1- 3 |  4- 6 |  7- 9 | 10-12 | 13-15 || total
---------------------------+-------+-------+-------+-------+-------++-------
  Melee: Unarmed           |     7 |     7 |    65 |   137 |     8 ||   224
         Punch             |       |     1 |     3 |    10 |       ||    14
         Bite              |       |       |     5 |    23 |     2 ||    30
 Invoke: Berserk           |     2 |     1 |       |     5 |     1 ||     9
         Trog's Hand       |       |     1 |       |     7 |     2 ||    10
         Brothers in Arms  |       |       |       |    17 |       ||    17
  Evoke: Wand              |       |       |       |     1 |       ||     1
    Use: Scroll            |       |     1 |     2 |       |       ||     3
         Potion            |       |       |       |     4 |       ||     4
   Stab: Sleeping          |       |     3 |    17 |    11 |       ||    31
         Distracted        |       |       |       |     1 |     1 ||     2
 Armour: Skin              |     1 |       |       |     1 |       ||     2
  Dodge: Dodged            |     1 |     3 |    65 |   113 |     4 ||   186
  Block: Other             |       |       |       |     5 |     1 ||     6
